Map: [ESL] Oceanborn

Players

NiCe

  • Race: Protoss Protoss
  • League: Master
  • Spawn Location: 5:00

SHIN - Winner!

  • Race: Zerg Zerg
  • Spawn Location: 11:00

Event: IEM Katowice 2024

VOD

Have the link to the VOD?

Description

Time

  • Played on: Dec. 5, 2023, 5:26 a.m.
  • Length: 19:20

All games in this series

Show
View Real Time Build Order
Export as new Build Order

NiCe Protoss 

Build Orders: Nexus First, Oracle Opening 

Get SALT Encoding   

  12  0:00  Probe  
  13  0:12  Probe  
  14  0:19  Pylon  
  14  0:24  Probe  
  15  0:37  Probe (Chrono Boost)  
  16  0:48  Probe (Chrono Boost)  
  17  0:52  Probe (Chrono Boost)  
  18  1:01  Nexus  
  18  1:11  Gateway  
  18  1:17  Assimilator  
  18  1:19  Probe  
  18  1:24  Assimilator  
  19  1:31  Probe  
  20  1:36  Pylon  
  20  1:43  Probe  
  20  1:47  Gateway  
  21  1:55  Probe  
  21  1:59  Cybernetics Core  
  22  2:05  Zealot  
  24  2:08  Probe (Chrono Boost)  
  24  2:15  Probe (Chrono Boost)  
  26  2:19  Probe (Chrono Boost)  
  28  2:22  Probe (Chrono Boost)  
  28  2:25  Probe (Chrono Boost)  
  28  2:27  Probe (Chrono Boost)  
  30  2:35  Probe  
  31  2:37  Stargate  
  31  2:40  Warp Gate  
  31  2:41  Probe  
  32  2:47  Probe  
  33  2:53  Probe  
  34  2:58  Adept x2  
  34  2:59  Probe  
  40  3:05  Probe (Chrono Boost)  
  41  3:14  Pylon  
  41  3:15  Probe (Chrono Boost)  
  41  3:18  Oracle (Chrono Boost), Pylon  
  41  3:24  Probe (Chrono Boost)  
  41  3:26  Probe (Chrono Boost)  
  46  3:30  Probe  
  46  3:35  Probe  
  47  3:42  Probe, Pylon  
  47  3:45  Oracle (Chrono Boost)  
  47  3:47  Probe  
  52  3:54  Probe  
  51  3:56  Nexus  
  51  3:59  Probe  
  52  4:04  Shield Battery  
  52  4:06  Probe  
  53  4:12  Oracle (Chrono Boost)  
  53  4:14  Probe  
  55  4:19  Probe  
  55  4:24  Shield Battery  
  56  4:26  Probe  
  56  4:28  Assimilator x2, Adept x2  
  61  4:32  Pylon  
  61  4:34  Probe  
  61  4:37  Pylon  
  61  4:38  Probe  
  63  4:39  Forge  
  63  4:44  Twilight Council  
  63  4:46  Probe, Pylon  
  63  4:52  Probe  
  65  4:58  Probe  
  66  5:04  Probe  
  66  5:06  Protoss Ground Weapons Level 1  
  65  5:08  Probe  
  65  5:10  Probe  
  67  5:17  Blink (Chrono Boost), Probe (Chrono Boost)  
  67  5:20  Gateway, Probe (Chrono Boost)  
  69  5:21  Gateway  
  69  5:23  Gateway  
  69  5:26  Probe (Chrono Boost)  
  68  5:32  Stalker  
  68  5:33  Stalker, Probe (Chrono Boost)  
  68  5:34  Gateway, Probe (Chrono Boost)  
  75  5:38  Probe (Chrono Boost)  
  75  5:39  Probe (Chrono Boost)  
  75  5:41  Probe (Chrono Boost)  
  77  5:44  Gateway  
  77  5:47  Probe  
  77  5:49  Gateway, Probe  
  79  5:52  Probe  
  79  5:53  Assimilator  
  79  5:56  Stalker  
  82  5:57  Stalker  
  82  5:58  Assimilator  
  82  6:02  Photon Cannon  
  84  6:04  Probe x2  
  84  6:07  Templar Archives  
  86  6:13  Pylon  
  86  6:16  Stalker x2  
  90  6:21  Stalker x2  
  94  6:33  Stalker  
  94  6:38  Psionic Storm  
  94  6:52  High Templar  
  94  6:54  Nexus  
  96  6:56  Charge  
  96  6:57  High Templar, Zealot x6  
  96  6:58  Pylon  
  96  7:00  Pylon  
  110  7:03  Probe  
  110  7:04  Probe x2  
  110  7:06  Protoss Ground Weapons Level 2 (Chrono Boost)  
  113  7:08  Photon Cannon  
  113  7:16  Probe x3  
  113  7:18  Photon Cannon  
  113  7:20  Shield Battery  
  116  7:30  Probe x2  
  116  7:31  Probe  
  116  7:35  High Templar x2  
  123  7:39  Gateway  
  123  7:40  Gateway  
  123  7:42  Probe  
  123  7:43  Robotics Facility, Gateway, Pylon, Probe x2  
  126  7:50  Stalker x3  
  132  7:56  Probe  
  133  7:59  Pylon  
  133  8:00  Pylon  
  133  8:01  Probe  
  133  8:02  Assimilator  
  133  8:03  Gateway, Assimilator  
  133  8:04  Photon Cannon  
  134  8:23  Pylon  
  134  8:24  Forge  
  134  8:25  High Templar, Pylon  
  134  8:26  High Templar, Zealot, Stalker  
  134  8:27  Zealot x4  
  148  8:32  Photon Cannon  
  150  8:35  Shield Battery  
  150  8:39  Observer (Chrono Boost)  
  151  8:43  Robotics Bay  
  151  8:48  Zealot x2  
  151  8:49  Zealot x5  
  165  8:57  Observer, Robotics Facility  
  165  9:00  Robotics Facility  
  166  9:06  Pylon  
  166  9:08  Stalker  
  166  9:09  Stalker x3  
  166  9:18  Immortal (Chrono Boost)  
  154  9:34  Nexus, Zealot x3  
  154  9:37  Gravitic Boosters (Chrono Boost)  
  160  9:46  Photon Cannon  
  160  9:48  Shield Battery  
  160  9:51  Disruptor x2 (Chrono Boost)  
  172  9:55  High Templar x2, Disruptor (Chrono Boost)  
  172  9:56  Zealot x3  
  172  9:57  Probe x4  
  186  10:01  Archon  
  180  10:09  Probe  
  181  10:17  Zealot x3  
  175  10:29  Zealot x2  
  159  10:47  Zealot x5  
  126  11:06  Zealot  
  126  11:08  Zealot x4  
  127  11:36  Pylon  
  127  11:38  Pylon  
  122  11:40  Void Ray, Pylon  
  122  11:41  Cybernetics Core  
  122  11:42  Probe, Pylon  
  122  11:43  Probe  
  122  11:44  Pylon x2  
  124  11:51  Nexus  
  124  11:53  Pylon  
  124  11:54  High Templar, Probe x3  
  124  11:55  High Templar, Probe  
  124  11:58  High Templar x2  
  124  12:00  Pylon  
  136  12:05  High Templar  
  136  12:06  High Templar, Probe x2  
  136  12:07  Probe  
  143  12:09  Archon  
  143  12:10  Archon x2  
  138  12:22  Oracle (Chrono Boost)  
  138  12:23  Probe x4  
  142  12:31  Robotics Facility, Assimilator  
  142  12:33  Photon Cannon  
  142  12:34  Shield Battery  
  142  12:35  Probe x2  
  144  12:41  Assimilator x2  
  144  12:47  High Templar x6  
  156  12:51  Archon x3  
  156  12:53  Gateway  
  156  12:56  Oracle (Chrono Boost)  
  156  12:57  Gateway x2  
  155  13:13  Robotics Facility  
  155  13:15  Robotics Facility  
  155  13:18  Colossus (Chrono Boost)  
  161  13:32  Zealot x6  
  159  13:53  Zealot x7  
  149  14:16  Zealot x4  
  149  14:17  Zealot x3  
  118  14:34  Oracle  
  118  14:37  Zealot x7  
  109  14:40  Probe x2  
  109  14:41  Probe x2  
  103  14:49  Archon  
  88  14:52  Probe  
  88  14:53  Probe x3  
  88  14:57  Zealot x7  
  96  15:13  Robotics Facility  
  92  15:14  Pylon  
  92  15:16  Robotics Facility  
  92  15:19  Assimilator  
  92  15:20  High Templar x4  
  92  15:21  High Templar x3  
  106  15:24  Archon  
  106  15:28  Zealot  
  106  15:29  Robotics Facility, Zealot  
  107  15:51  Shield Battery  
  107  15:52  Photon Cannon  
  107  15:53  Pylon  
  107  15:56  Pylon  
  107  15:57  Colossus (Chrono Boost)  
  107  16:02  High Templar x2  
  107  16:03  Zealot x4  
  125  16:07  Archon  
  121  16:21  Zealot x3  
  121  16:23  Zealot x4  
  140  16:33  Observer (Chrono Boost), Colossus (Chrono Boost)  
  136  16:59  Zealot x7  
  138  17:10  Colossus (Chrono Boost)  
  131  17:23  Disruptor (Chrono Boost)  
  131  17:29  Colossus (Chrono Boost)  
  133  17:35  High Templar  
  133  17:36  High Templar x3  
  127  17:39  Archon  
  127  17:40  Archon x2  
  125  17:50  Nexus  
  125  17:59  Immortal (Chrono Boost)  
  126  18:12  Disruptor  
  130  18:14  Zealot x2  
  128  18:36  Zealot x3  
  128  18:37  Zealot  
  91  19:12  Zealot x6  
Show
View Real Time Build Order
Export as new Build Order

SHIN Zerg - Winner!

Build Orders: Hatch First, Lurkers 

Get SALT Encoding   

  12  0:00  Drone  
  13  0:09  Drone  
  14  0:15  Extractor, Drone  
  15  0:21  Overlord  
  15  0:44  Hatchery  
  15  0:46  Drone  
  15  0:50  Drone  
  15  0:55  Drone  
  17  0:57  Drone  
  18  1:09  Extractor  
  17  1:14  Spawning Pool  
  17  1:17  Drone  
  17  1:20  Drone  
  18  1:30  Drone  
  19  1:41  Drone  
  20  1:51  Drone  
  21  2:00  Queen x2  
  25  2:01  Zergling x2  
  25  2:02  Overlord  
  26  2:12  Metabolic Boost  
  26  2:14  Drone x2  
  28  2:24  Drone  
  28  2:25  Drone  
  30  2:30  Overlord  
  30  2:34  Drone  
  31  2:40  Hatchery  
  31  2:43  Drone  
  31  2:48  Queen  
  33  2:55  Queen  
  33  2:57  Drone  
  36  3:03  Drone x3  
  39  3:07  Overlord  
  39  3:14  Zergling x6  
  39  3:15  Zergling x2  
  43  3:22  Overlord  
  43  3:24  Zergling x2  
  43  3:26  Queen  
  47  3:34  Drone  
  47  3:36  Drone, Queen  
  47  3:40  Drone x2  
  47  3:41  Drone  
  53  3:42  Drone  
  53  3:44  Drone  
  53  3:46  Drone  
  53  3:47  Drone  
  57  3:48  Drone  
  57  3:52  Drone  
  57  3:57  Drone  
  57  3:58  Spore Crawler  
  57  3:59  Drone  
  58  4:04  Queen  
  58  4:05  Drone  
  61  4:12  Drone x3  
  61  4:13  Drone x2  
  61  4:14  Drone x3  
  66  4:20  Extractor  
  66  4:21  Drone x2  
  64  4:26  Drone  
  64  4:28  Spore Crawler  
  64  4:30  Drone  
  65  4:32  Roach Warren  
  65  4:33  Drone  
  65  4:38  Overlord  
  65  4:39  Overlord  
  65  4:42  Overlord  
  65  4:46  Overlord  
  65  4:48  Extractor  
  64  4:54  Zergling x2  
  64  4:57  Zergling x6  
  64  4:58  Drone x6  
  72  5:03  Drone  
  72  5:05  Drone  
  72  5:06  Lair  
  73  5:11  Drone  
  70  5:16  Drone x3  
  70  5:17  Drone x2  
  70  5:18  Drone x3  
  77  5:22  Drone  
  77  5:24  Drone  
  77  5:25  Drone x2, Spore Crawler  
  77  5:26  Drone  
  77  5:27  Extractor  
  79  5:30  Drone  
  79  5:34  Drone  
  81  5:38  Drone, Hatchery  
  81  5:40  Drone  
  81  5:41  Extractor  
  81  5:42  Extractor  
  80  5:46  Drone  
  80  5:47  Drone x3, Overlord  
  80  5:48  Drone  
  85  5:50  Zergling x4  
  85  5:52  Evolution Chamber, Overlord  
  85  5:53  Zergling x2  
  85  5:54  Zergling x2  
  88  6:02  Zergling x4  
  88  6:03  Glial Reconstitution  
  90  6:06  Overseer  
  90  6:07  Roach  
  90  6:11  Roach x2  
  96  6:12  Infestation Pit  
  96  6:14  Roach x4  
  96  6:16  Roach  
  96  6:17  Zergling x2  
  106  6:23  Zerg Missile Weapons Level 1  
  105  6:26  Overlord x3  
  105  6:29  Overlord  
  105  6:32  Overlord  
  105  6:33  Overlord  
  105  6:36  Overlord  
  105  6:39  Overlord  
  105  6:43  Overlord  
  105  6:44  Overlord  
  105  6:48  Drone  
  105  6:51  Drone x5, Hydralisk Den  
  105  6:52  Drone  
  105  6:53  Drone  
  112  6:55  Drone x2  
  112  6:58  Drone x2  
  112  6:59  Drone  
  112  7:01  Drone  
  118  7:03  Drone  
  118  7:04  Drone  
  118  7:05  Overseer  
  120  7:11  Hive  
  120  7:12  Extractor x2  
  120  7:13  Drone x2  
  120  7:14  Zergling x2  
  120  7:15  Zergling x6  
  124  7:21  Grooved Spines  
  124  7:24  Drone, Lurker Den  
  124  7:25  Drone  
  124  7:27  Drone x3  
  124  7:29  Zergling x8  
  130  7:32  Hydralisk  
  130  7:33  Zergling x2, Spore Crawler  
  132  7:38  Hydralisk  
  132  7:39  Hydralisk x2  
  138  7:45  Hydralisk x4  
  145  7:54  Hydralisk x5  
  155  8:00  Hydralisk x3  
  155  8:02  Overseer  
  161  8:09  Zergling x2, Hydralisk  
  161  8:10  Zergling x12  
  169  8:13  Muscular Augments  
  167  8:22  Hatchery  
  167  8:24  Seismic Spines  
  167  8:25  Lurker x5  
  171  8:31  Drone x3, Spine Crawler  
  171  8:32  Spine Crawler  
  171  8:34  Spine Crawler  
  173  8:35  Spine Crawler  
  173  8:38  Hydralisk x3  
  176  8:50  Lurker x2  
  176  8:55  Drone x2  
  178  9:07  Lurker  
  178  9:08  Extractor x2, Lurker x3  
  178  9:10  Overlord x4  
  172  9:17  Overlord x5  
  172  9:18  Overlord x3  
  172  9:21  Adaptive Talons  
  168  9:27  Overlord  
  168  9:28  Overlord  
  166  9:32  Lurker x5  
  166  9:35  Hydralisk  
  166  9:37  Drone x3  
  176  9:40  Overseer, Spore Crawler, Hydralisk x2  
  176  9:41  Zergling x20  
  186  9:48  Hydralisk  
  186  9:49  Zergling x2  
  186  9:50  Zergling x6  
  191  9:55  Hydralisk x3  
  197  10:07  Hydralisk x5  
  187  10:08  Hydralisk  
  187  10:12  Hydralisk x2  
  187  10:14  Zergling x8  
  194  10:24  Hydralisk x3  
  194  10:25  Zergling x14  
  194  10:28  Hydralisk  
  189  10:29  Hydralisk  
  189  10:33  Hydralisk x2  
  181  10:36  Hydralisk x2  
  181  10:39  Hydralisk  
  181  10:40  Zergling x2  
  181  10:41  Hydralisk  
  160  10:44  Hydralisk  
  160  10:46  Hydralisk  
  160  10:47  Zergling x2  
  160  10:49  Hydralisk  
  152  10:51  Hydralisk  
  152  10:54  Zergling x4  
  147  10:58  Hydralisk x2  
  147  11:00  Hydralisk x2  
  147  11:02  Hydralisk  
  152  11:04  Hydralisk  
  152  11:09  Lurker  
  152  11:10  Lurker  
  146  11:12  Hydralisk  
  146  11:13  Zergling x4  
  146  11:15  Zergling x2  
  146  11:17  Drone x2  
  146  11:21  Hydralisk  
  146  11:22  Zergling x2  
  146  11:23  Zergling x2  
  150  11:30  Hydralisk x2  
  140  11:34  Hydralisk  
  140  11:35  Zergling x2  
  140  11:36  Zergling x2  
  131  11:42  Lurker  
  131  11:43  Drone x3  
  133  11:48  Lurker  
  134  11:55  Lurker  
  134  11:56  Drone  
  134  11:57  Drone x2  
  134  12:00  Hydralisk x3  
  144  12:07  Lurker  
  146  12:08  Drone x3  
  146  12:10  Hydralisk  
  146  12:11  Hydralisk  
  146  12:13  Zergling x2  
  146  12:14  Hydralisk  
  146  12:15  Zergling x2  
  155  12:19  Lurker  
  151  12:23  Hydralisk x2  
  151  12:28  Drone x4  
  153  12:31  Lurker  
  154  12:39  Hatchery  
  153  12:44  Lurker x3  
  153  12:46  Lurker  
  153  12:51  Evolution Chamber  
  156  12:52  Hydralisk x2  
  156  12:53  Zergling x4  
  156  12:54  Overseer  
  162  13:03  Lurker x2  
  162  13:04  Hydralisk  
  162  13:05  Zergling x8  
  170  13:17  Hydralisk  
  170  13:18  Zergling x16  
  180  13:24  Lurker x3  
  183  13:29  Hydralisk  
  183  13:30  Zergling x10  
  184  13:45  Zergling x2, Hydralisk  
  184  13:46  Zergling x12  
  163  13:56  Hydralisk  
  163  13:57  Hydralisk x4  
  171  14:04  Hydralisk x4  
  171  14:08  Hydralisk  
  171  14:10  Hydralisk  
  171  14:12  Hydralisk  
  171  14:15  Hydralisk  
  171  14:16  Zergling x2  
  152  14:19  Hydralisk  
  152  14:21  Hydralisk  
  152  14:22  Hydralisk  
  147  14:25  Drone  
  147  14:28  Zerg Missile Weapons Level 2  
  147  14:31  Hydralisk  
  141  14:33  Zergling x2  
  141  14:34  Zergling x2  
  141  14:35  Hydralisk  
  141  14:38  Hydralisk  
  126  14:41  Drone  
  126  14:43  Hydralisk  
  126  14:44  Hydralisk  
  123  14:46  Hydralisk  
  123  14:49  Zergling x2  
  123  14:51  Hydralisk  
  123  14:53  Hydralisk  
  124  15:02  Hydralisk x2  
  117  15:08  Hydralisk x2  
  117  15:09  Zergling x6  
  117  15:10  Zergling x2  
  113  15:16  Lurker x4  
  117  15:21  Lurker x3  
  117  15:22  Lurker  
  117  15:23  Lurker  
  117  15:26  Overseer  
  122  15:32  Hydralisk x2  
  126  15:37  Hydralisk x2  
  126  15:42  Spore Crawler  
  129  15:44  Lurker  
  129  15:45  Lurker x2  
  129  15:49  Hydralisk x2  
  134  15:56  Hydralisk x2  
  140  16:01  Zergling x4, Hydralisk  
  144  16:07  Lurker x2  
  144  16:10  Zergling x2, Hydralisk  
  144  16:11  Zergling x4  
  150  16:16  Hydralisk x2  
  150  16:17  Hydralisk  
  152  16:21  Drone x3  
  152  16:23  Hydralisk  
  155  16:31  Overseer, Hydralisk x2, Spine Crawler  
  158  16:37  Hydralisk  
  158  16:38  Zergling x4  
  161  16:44  Zergling x2, Hydralisk  
  161  16:45  Zergling x6  
  164  16:52  Hydralisk  
  164  16:53  Zergling x10  
  171  16:58  Zergling x2, Hydralisk  
  171  16:59  Zergling x2  
  173  17:03  Zergling x4, Hydralisk  
  173  17:12  Zergling x8  
  177  17:19  Zergling x2, Hydralisk  
  177  17:20  Zergling x4, Hydralisk  
  174  17:26  Viper  
  174  17:27  Viper  
  163  17:33  Lurker  
  163  17:34  Lurker  
  161  17:37  Lurker x2  
  161  17:38  Hydralisk x3  
  161  17:39  Drone  
  161  17:40  Drone x2, Extractor  
  171  17:52  Hydralisk  
  171  17:53  Zergling x12  
  179  18:02  Drone  
  179  18:03  Drone x2  
  180  18:06  Extractor  
  180  18:07  Hydralisk  
  180  18:08  Zergling x2  
  182  18:14  Zergling x2, Hydralisk  
  182  18:15  Zergling x2  
  182  18:17  Overlord  
  183  18:23  Zergling x4, Overlord  
  183  18:25  Hydralisk, Hatchery  
  185  18:29  Zergling x4  
  185  18:30  Zergling x2  
  185  18:34  Lurker x3  
  176  18:35  Lurker  
  176  18:37  Zergling x2  
  176  18:38  Zergling x2  
  176  18:39  Zergling x2  
  179  18:41  Zergling x2  
  179  18:44  Drone x3  
  179  18:47  Hydralisk  
  179  18:48  Lurker  
  179  18:52  Zergling x2, Hydralisk  
  174  18:58  Zergling x4  

Tags
 
Add a new tag
Caveats
  • Supply blocks, unpowered buildings, or Contaminate may cause inaccurate times.
  • Supply counts are checked every 10 seconds.